 Dungeon Sprint DCSS version 0.31-a0-879-g1609e0ac53 (webtiles) character file.

Game seed: 8873527973398827515

457 rocky1 the Carver (level 7, -2/58 HPs)
             Began as a Djinni Gladiator on Oct 15, 2023.
             Was an Initiate of Gozag.
             Slain by a neqoxec (7 damage)
             ... in the Dungeon (Sprint II: "The Violet Keep of Menkaure").
             The game lasted 00:02:19 (250 turns).

rocky1 the Carver (Djinni Gladiator)                 Turns: 250, Time: 00:02:20

Health: -2/58      AC:  4    Str: 13    XL:     7   Next: 27%
Gold:   243        EV: 16    Int: 10    God:    Gozag SH:  0 Dex: 16

rFire   + + .        a - +0 long sword
rCold   x . .        (no shield)
rNeg    . . .        b - +0 leather armour
rPois   ∞            c - +0 helmet
rElec   .            (no cloak)
rCorr   .            (no gloves)
SInv    .            (boots unavailable)
Will    .....        (no amulet)
Stlth   +            (no ring)
HPRegen 0.29/turn    (no ring)
MPRegen 0.00/turn

%: no teleportation, infuse magic (-3 HP)
@: on berserk cooldown, flying, hasted and slowed
A: sickness immunity, fire resistance 2, cold vulnerability 1, float, innate
caster, HP casting, extra vitality 1
a: Renounce Religion, Potion Petition, Call Merchant, Bribe Branch


You were in the Dungeon.
You worshipped Gozag.
Gozag was aware of your devotion.
You visited 1 branch You collected 243 gold pieces.

Inventory:

Hand Weapons
 a - a +0 long sword (weapon)
Armour
 b - a +0 leather armour (worn)
 c - a +0 helmet (worn)
Scrolls
 j - a scroll of blinking


   Skills:
 + Level 7.5 Fighting
 * Level 9.9 Long Blades
 - Level 1.7 Throwing
 + Level 8.7 Dodging


You knew the following spells:

 Your Spells              Type           Power      Damage    Failure   Level
a - Foxfire               Conj/Fire      0%         2x1d4     43%         1
b - Searing Ray           Conj           0%         2d4       58%         2
c - Dazzling Flash        Conj/Hex       0%         N/A       82%         3
Your spell library was empty.

Dungeon Overview and Level Annotations

Branches:
Dungeon (1/1)

Altars:
Cheibriados
Dithmenos
Elyvilon
Fedhas
Gozag
Hepliaklqana
Makhleb
Nemelex Xobeh
Okawaru
Qazlal
Ru
Trog
Uskayaw
Wu Jian
Xom
Yredelemnul
Zin
The Shining One
Jiyva
Lugonu


Innate Abilities, Weirdness & Mutations

You are immune to sickness and miasma.
You are immune to poison.
Your flesh is very heat resistant. (rF++)
You are vulnerable to cold. (rC-)
You float through the air rather than walking.
You learn spells naturally, not from books.
Your magical power is your life essence.
You have superior vitality. (+4 MHP)


Message History

You kill the neqoxec!
Your Fighting skill increases to level 6!
Your Long Blades skill increases to level 9!
Your Dodging skill increases to level 8!
You barely miss the neqoxec. The neqoxec hits you!
* * * LOW HITPOINT WARNING * * *
You hit the neqoxec.
The neqoxec is lightly wounded.
You closely miss the neqoxec.
The neqoxec is lightly wounded.
The neqoxec hits you!
* * * LOW HITPOINT WARNING * * *
The neqoxec is distracted by your dazzling golden aura.
The neqoxec shouts!
You slash the neqoxec!
The neqoxec is severely wounded.
You slice the neqoxec!!
You kill the neqoxec!
Your Fighting skill increases to level 7!
You have reached level 7!
The power to cast Dazzling Flash wells up from within.
Spell assigned to 'c'.
Unknown command.
You feel a strong urge to attack something.
You are no longer berserk.
You are exhausted.
You feel yourself slow down.
There is an open door here.
You see here 216 gold pieces.
You hit the neqoxec.
The neqoxec is no longer distracted by gold.
The neqoxec is lightly wounded.
The neqoxec is distracted by your dazzling golden aura.
You catch the helpless neqoxec completely off-guard!
You hit the neqoxec.
The neqoxec is no longer distracted by gold.
The neqoxec is lightly wounded.
The neqoxec hits you!
You die...
Your body crumbles into a pile of gold.

.. .#### .### ...#
...# ###..## #..#
#+###.##..# +..#
##.##hh.#..# #..#
+.<.+##.h..####..##
##.##.###....###...
#@# #.##......~~y~
#.3.# ##§~.....~#'#
#.##..#§~~~~~~..~#..
## ###~~~~~~~~.~#._
#~~~§≈≈~~~~~#_.
~~~~~~≈§§≈~~§#._
+++#~§≈≈§≈≈§~#_.
##≈§≈###≈≈#._ ##≈§
#≈§#_.


You could see a neqoxec.

Vanquished Creatures
  3 neqoxecs (D)
  A water moccasin (D)
  3 worms (D)
7 creatures vanquished.

Vanquished Creatures (others)
  Menkaure (D)
1 creature vanquished.

Grand Total: 8 creatures vanquished

Notes
Turn   | Place    | Note
-------+----------+-------------------------------------------
     0 | D        | rocky1 the Djinni Gladiator began the quest for the Orb.
     0 | D        | Reached XP level 1. HP: 18/18 MP: 0/0
    17 | D        | Reached skill level 3 in Long Blades
    24 | D        | Reached XP level 2. HP: 17/24 MP: 0/0
    58 | D        | Killed Menkaure
    81 | D        | Found a stormy altar of Qazlal.
    82 | D        | Found a hazy altar of Hepliaklqana.
    82 | D        | Found a sacrificial altar of Ru.
    82 | D        | Found an ornate altar of the Wu Jian Council.
    83 | D        | Found a viscous altar of Jiyva.
    84 | D        | Found a snail-covered altar of Cheibriados.
    84 | D        | Found a shimmering altar of Xom.
    84 | D        | Found a bloodstained altar of Trog.
    84 | D        | Noticed a water moccasin
    85 | D        | Found a shadowy altar of Dithmenos.
    85 | D        | Found a corrupted altar of Lugonu.
    86 | D        | Found a white marble altar of Elyvilon.
    86 | D        | Found a burning altar of Makhleb.
    86 | D        | Found a glowing golden altar of the Shining One.
    86 | D        | Found a basalt altar of Yredelemnul.
    86 | D        | Found a hide-covered altar of Uskayaw.
    96 | D        | HP: 1/24 [water moccasin (5)]
   105 | D        | Killed a water moccasin
   106 | D        | Reached skill level 6 in Long Blades
   106 | D        | Reached skill level 5 in Dodging
   106 | D        | Reached XP level 3. HP: 30/31 MP: 0/0
   106 | D        | Learned a level 1 spell: Foxfire
   106 | D        | Reached XP level 4. HP: 37/38 MP: 0/0
   107 | D        | Found a blossoming altar of Fedhas.
   108 | D        | Found an opulent altar of Gozag.
   108 | D        | Found a sparkling altar of Nemelex Xobeh.
   109 | D        | Found a glowing silver altar of Zin.
   109 | D        | Found an iron altar of Okawaru.
   112 | D        | Noticed a water moccasin
   113 | D        | Noticed a water moccasin
   116 | D        | Noticed a water moccasin
   116 | D        | Noticed a flying skull
   116 | D        | Noticed a flying skull
   117 | D        | Became a worshipper of Gozag Ym Sagoz the Greedy
   123 | D        | Noticed a yaktaur
   123 | D        | Noticed a hornet
   123 | D        | Noticed a polar bear
   124 | D        | Noticed a polar bear
   126 | D        | Noticed a polar bear
   230 | D        | Noticed a neqoxec
   230 | D        | Noticed a neqoxec
   230 | D        | Noticed a neqoxec
   230 | D        | Noticed a neqoxec
   237 | D        | Killed a neqoxec
   238 | D        | Reached skill level 5 in Fighting
   238 | D        | Reached skill level 8 in Long Blades
   238 | D        | Reached XP level 5. HP: 18/45 MP: 0/0
   238 | D        | Learned a level 2 spell: Searing Ray
   238 | D        | Reached XP level 6. HP: 21/50 MP: 0/0
   241 | D        | Killed a neqoxec
   242 | D        | Reached skill level 9 in Long Blades
   246 | D        | Killed a neqoxec
   247 | D        | Reached XP level 7. HP: 6/58 MP: 0/0
   247 | D        | Learned a level 3 spell: Dazzling Flash
   250 | D        | Slain by a neqoxec

Illustrated notes

Levels and vault maps discovered:
D:        the_violet_keep_of_menkaure [sprint2_stairs_cluster_1,
          sprint2_shoproom, sprint2_temple, sprint2_basic_supplies,
          sprint2_obstacle_2, sprint2_obstacle_6, sprint2_obstacle_4,
          sprint2_obstacle_1, sprint2_obstacle_5, sprint2_timed_cluster_1,
          sprint2_smallroom_cluster_1, sprint2_smallroom_final_cluster_1,
          sprint2_transparent_cluster_1, sprint2_second_timed_cluster_1,
          sprint2_sniper_area_1, sprint2_heavy_combat_area_1,
          sprint2_mutation_trap_area_1, sprint2_forest_area_1,
          sprint2_light_combat_area_1, sprint2_behind_water_1,
          sprint2_near_end_vault_1]

Skill      XL: |  1  2  3  4  5  6 |
---------------+-------------------+-----
Long Blades    | 3 6 8 9 |  9.9
Dodging        | 4 5 7 8 |  8.7
Fighting       | 4 5 7 |  7.5
Throwing       | |  1.7

Action                     |  1- 3 |  4- 6 |  7- 9 || total
---------------------------+-------+-------+-------++-------
  Melee: Long sword        |    34 |    13 |     2 ||    49
  Throw: Throwing net      |     5 |       |       ||     5
         Javelin           |     2 |       |       ||     2
    Use: Potion            |     2 |     2 |       ||     4
   Stab: Held in net/web   |     1 |       |       ||     1
         Distracted        |       |       |     1 ||     1
 Armour: Leather armour    |    14 |     6 |     1 ||    21
  Dodge: Dodged            |    20 |     1 |       ||    21

Table legend: (Time is in decaauts)
 A = Elapsed time spent in this place.
 B = Non-inter-level travel time spent in this place.
 C = Inter-level travel time spent in this place.
 D = Time resting spent in this place.
 E = Time spent auto-exploring this place.
 F = Levels seen in this place.
 G = Mean time per level.
                   A        B        C        D        E       F      G
               +--------+--------+--------+--------+--------+-----+--------+
         Total |    252 |    252 |      0 |    127 |      0 |   1 |  252.0 |
       Dungeon |    252 |    252 |      0 |    127 |      0 |   1 |  252.0 |
               +--------+--------+--------+--------+--------+-----+--------+

Top non-repeatable levels by time:
       D: 252 daAuts
